 Dungeon Crawl Stone Soup version 0.22.1-2-g9c5b331383 (webtiles) character file.

55 Knicklaso the Chiller (level 3, -2/26 HPs)
             Began as a Merfolk Ice Elementalist on Dec 12, 2018.
             Was a Follower of Vehumet.
             Killed from afar by Sigmund (8 damage)
             ... with a magic dart
             ... on level 2 of the Dungeon.
             The game lasted 00:06:19 (2319 turns).

Knicklaso the Chiller (Merfolk Ice Elementalist)    Turns: 2319, Time: 00:06:20

Health: -2/26      AC:  5    Str:  8    XL:     3   Next: 93%
Magic:  6/6        EV: 13    Int: 15    God:    Vehumet [*.....]
Gold:   79         SH:  0    Dex: 14    Spells: 3/6 levels left

rFire    . . .     SeeInvis .   b - +0 short sword
rCold    . . .     Gourm    .   (no shield)
rNeg     . . .     Faith    .   a - +0 robe
rPois    .         Spirit   .   (no helmet)
rElec    .         Reflect  .   (no cloak)
rCorr    .         Harm     .   (no gloves)
MR       .....                  g - +2 pair of boots
Stlth    ++........             (no amulet)
HPRegen  0.08/turn              (no ring)
MPRegen  0.10/turn              (no ring)

@: no status effects
A: change form in water, swift swim, stealthy swim
a: Renounce Religion


You were on level 2 of the Dungeon.
You worshipped Vehumet.
Vehumet was aware of your devotion.
You were not hungry.

You visited 1 branch of the dungeon, and saw 2 of its levels.

You collected 79 gold pieces.

Inventory:

Hand Weapons
 b - a +0 short sword (weapon)
Missiles
 f - 7 poisoned needles
Armour
 a - a +0 robe (worn)
 g - a +2 pair of boots (worn)
Scrolls
 h - a scroll of identify {unknown}
Comestibles
 c - 2 rations
 d - 2 chunks of flesh


   Skills:
 + Level 1.3 Fighting
 + Level 3.3 Dodging
 - Level 2.1 Stealth
 + Level 2.4 Spellcasting
 - Level 0.7 Conjurations
 * Level 4.1 Ice Magic


You had 3 spell levels left.
You knew the following spells:

 Your Spells              Type           Power        Failure   Level  Hunger
a - Freeze                Ice            ##..         3%          1    #......
b - Throw Frost           Conj/Ice       #.....       12%         2    ###....

Your spell library contained the following spells:

 Spells                   Type           Power        Failure   Level  Hunger
 Sting                    Conj/Pois      #...         19%         1    #......
 Animate Skeleton         Necr           N/A          22%         1    #......
 Apportation              Tloc           #.....       22%         1    #......
 Confusing Touch          Hex            #.....       22%         1    #......
 Summon Small Mammal      Summ           #...         22%         1    #......
 Ozocubu's Armour         Chrm/Ice       #.......     26%         3    ###....
 Sublimation of Blood     Necr           #.........   32%         2    ###....
 Ignite Poison            Fire/Tmut/Pois #.......     54%         3    ###....
 Throw Icicle             Conj/Ice       #.......     61%         4    #####..
 Summon Ice Beast         Ice/Summ       #.......     65%         4    #####..
 Petrify                  Tmut/Erth      #.......     91%         4    #####..
 Alistair's Intoxication  Tmut/Pois      #.......     99%         5    ######.
 Irradiate                Conj/Tmut      #.........   99%         5    ######.


Dungeon Overview and Level Annotations

Branches:
Dungeon (2/15)

Altars:
Gozag
Vehumet

Annotations:
D:2 Sigmund


Message History

You bump into the rock wall.
You bump into the rock wall.
Sigmund gestures at you while chanting. The magic dart hits you!
Sigmund barely misses you.
You bump into the rock wall.
Sigmund hits you from afar with a scythe.
It was a potion of magic.
Magic courses through your body.
You're too confused to move!
Sigmund barely misses you.
You bump into the rock wall.
Sigmund hits you from afar with a scythe.
You bump into the rock wall.
You feel less confused. Sigmund barely misses you.
Sigmund gestures at you while chanting. The puff of flame hits you!
* * * LOW HITPOINT WARNING * * *
Sigmund points at you and mumbles some strange words.
The magic dart hits you!
You die...

#..# ##.#######.#
#..# #.#........#
#..# ##.#######.#
#..# #@# #.# #..#
#.# #.#
##########..# #.#
#.# ............#
#.# #.#
####...####.# #.#
#.# ###..)..###.##
#@# #.#
.........#...###.#
#.#
##...............#
##.#
#.............###
####..#
##########.....#
#.....#
...............#
###.....#
.#...#...#....##
#.......########
.............##
#...............
.#...#...###.#
#....)...#######


You could see Sigmund.

Vanquished Creatures
  An adder (D:2)
  An ooze (D:1)
  A worm (D:2)
  3 dart slugs
  4 leopard geckos
  2 giant cockroaches
  4 goblins
  4 hobgoblins
  3 bats
  A frilled lizard (D:1)
  3 kobolds
  A rat (D:1)
28 creatures vanquished.

Notes
Turn   | Place    | Note
-------+----------+-------------------------------------------
     0 | D:1      | Knicklaso the Merfolk Ice Elementalist began the quest for
                  | the Orb.
     0 | D:1      | Reached XP level 1. HP: 13/13 MP: 3/3
   229 | D:1      | Reached XP level 2. HP: 17/20 MP: 0/5
   330 | D:1      | Learned a level 2 spell: Throw Frost
   811 | D:1      | Reached skill level 1 in Fighting
   879 | D:1      | Reached XP level 3. HP: 23/26 MP: 1/6
  1178 | D:2      | Found a faded altar of an unknown god.
  1220 | D:2      | Became a worshipper of Vehumet
  1220 | D:2      | Reached * piety under Vehumet
  1220 | D:2      | Offered knowledge of Sting by Vehumet.
  1269 | D:2      | Reached skill level 4 in Ice Magic
  1660 | D:2      | Noticed Sigmund
  1944 | D:2      | Found an opulent altar of Gozag.
  2319 | D:2      | Killed from afar by Sigmund

Skill      XL: |  1  2  3 |
---------------+----------+-----
Dodging        | 3 |  3.3
Fighting       | 1 |  1.3
Ice Magic      | 4 |  4.1
Stealth        | |  2.1
Spellcasting   | |  2.4
Conjurations   | |  0.7

Action                   || total
-------------------------++-------
Melee: Short sword       ||    58
 Cast: Freeze            ||    31
       Throw Frost       ||    12
  Use: Potion            ||     1
 Stab: Sleeping          ||     3
  Eat: Chunk             ||     3
       Ration            ||     1
Armor: Robe              ||    20
Dodge: Dodged            ||    62
